 Dungeon Crawl Stone Soup version 0.21-a0-346-g330ab2c (webtiles) character file.

41 Hasart the Charlatan (level 3, -2/20 HPs)
             Began as a Kobold Artificer on Oct 5, 2017.
             Slain by a gnoll
             ... wielding a +0 spear
              (3 damage)
             ... on level 2 of the Dungeon.
             The game lasted 00:02:51 (1481 turns).

Hasart the Charlatan (Kobold Artificer)             Turns: 1481, Time: 00:02:52

Health: -2/20      AC:  3    Str:  8 (9)  XL:     3   Next: 75%
Magic:  0/6        EV: 14    Int: 10 (13) God:
Gold:   59         SH:  0    Dex: 14 (15) Spells: 2/2 levels left

rFire    . . .     SeeInvis .   a - +0 short sword
rCold    . . .     Gourm    .   (shield restricted)
rNeg     . . .     Faith    .   b - +0 leather armour
rPois    .         Spirit   +   (no helmet)
rElec    .         Reflect  .   (no cloak)
rCorr    .         Harm     .   (no gloves)
MR       .....                  (no boots)
Stlth    ++........             i - amulet of guardian spirit
HPRegen  0.06/turn              (no ring)
MPRegen  0.10/turn              (no ring)

@: lethally poisoned (-2 -> -11)
A: carnivore 3
a: no special abilities


You were on level 2 of the Dungeon.
You were completely stuffed.

You visited 1 branch of the dungeon, and saw 2 of its levels.

You collected 59 gold pieces.

Inventory:

Hand Weapons
 a - a +0 short sword (weapon)
Armour
 b - a +0 leather armour (worn)
Jewellery
 i - an amulet of guardian spirit (around neck)
 k - an uncursed ring of fire
Wands
 c - a wand of flame (13/48)
 d - a wand of enslavement (14/24)
 e - a wand of random effects (15/48)
Scrolls
 g - 2 scrolls of identify {unknown}
 j - 4 scrolls of blinking {unknown}
 m - a scroll of teleportation {unknown}
 n - a scroll of fog {unknown}
Comestibles
 f - 2 meat rations


   Skills:
 - Level 1.1 Fighting
 * Level 3.7 Short Blades
 - Level 2.4 Dodging
 - Level 1.3 Stealth
 + Level 4.2 Evocations


You had 2 spell levels left.
You didn't know any spells.

Dungeon Overview and Level Annotations

Branches:
Dungeon (2/15)

Altars:


Innate Abilities, Weirdness & Mutations

You are small and have problems with some larger weapons.
You are carnivorous and can eat meat at any time.


Message History

You miss the adder.
The adder is heavily wounded.
* * * LOW HITPOINT WARNING * * *
You feel sick. The gnoll hits you but does no damage.
The gnoll completely misses you. The adder barely misses you.
You hit the adder.
The adder is almost dead.
The adder closely misses you. The gnoll completely misses you. x2
You barely miss the adder.
The adder is almost dead.
* * * LOW HITPOINT WARNING * * *
You feel sick. The adder closely misses you.
The gnoll hits you from afar with a spear.
The gnoll barely misses you.
You closely miss the adder.
The adder is almost dead.
The adder bites you.
* * * LOW HITPOINT WARNING * * *
The gnoll hits you from afar with a spear.
You die...

##.##.######.>###.....##
#..#.##.....###.......#
##.................†..#
####...######........#
#......###.......##
#..........#.....##
<...###..###.......#
..#### #.# #.......# .#
#@###.......#
#Sg###.....##
#gg...#...## #g....#####
##.....#
#.##.####......#
#.......†......#
#..###g###.....# ...
#.....#


You could see 4 gnolls and an adder.

Vanquished Creatures
  An adder (D:2)
  A dart slug (D:1)
  2 ball pythons (D:1)
  2 giant cockroaches (D:1)
  5 goblins (D:1)
  3 hobgoblins (D:1)
  4 jackals (D:1)
  A kobold (D:1)
  5 bats
  A frilled lizard (D:1)
  3 rats (D:1)
28 creatures vanquished.

Notes
Turn   | Place    | Note
-------+----------+-------------------------------------------
     0 | D:1      | Hasart the Kobold Artificer began the quest for the Orb.
     0 | D:1      | Reached XP level 1. HP: 12/12 MP: 3/3
   318 | D:1      | Reached XP level 2. HP: 15/16 MP: 4/4
   559 | D:1      | Reached skill level 4 in Evocations
   754 | D:1      | Reached XP level 3. HP: 19/20 MP: 6/6
  1481 | D:2      | HP: 1/20 [adder (1)]
  1481 | D:2      | Slain by a gnoll

Vault maps used:
D:1:      eino_arrival_druids_welcome, minmay_hexomino_p4
D:2:      feat_on_display

Skill      XL: |  1  2 |
---------------+-------+-----
Short Blades   | 2 3 |  3.7
Evocations     | 4 |  4.2
Fighting       | |  1.1
Dodging        | |  2.4
Stealth        | |  1.3

Action                   || total
-------------------------++-------
Melee: Short sword       ||   121
Evoke: Wand              ||     3
  Use: Potion            ||     1
 Stab: Sleeping          ||     4
  Eat: Chunk             ||    10
Armor: Leather armour    ||    30
Dodge: Dodged            ||   103

Table legend:
 A = Spawn XP
 B = Non-spawn XP
 C = Spawn XP percentage of total XP
 D = Spawn monster count
 E = Non-spawn monster count
 F = Spawn count percentage of total count
 G = Total turns spent on level
                    A         B        C        D         E        F      G
               +---------+---------+-------+---------+---------+-------+---------
         Total |       0 |      59 |   0.0 |       0 |      28 |   0.0 |  1481
               +---------+---------+-------+---------+---------+-------+---------
           D:1 |       0 |      42 |   0.0 |       0 |      24 |   0.0 |  1352
           D:2 |       0 |      17 |   0.0 |       0 |       4 |   0.0 |   129
               +---------+---------+-------+---------+---------+-------+---------
